 Dungeon Crawl Stone Soup version 0.16-a0-1167-g3157814 (webtiles) character file.

739525 Qrupt the Acrobat (level 27, -2/144 HPs)
             Began as a Vine Stalker Fighter on Oct 8, 2014.
             Was the Champion of Ashenzari.
             Slain by a tentacled monstrosity (5 damage)
             ... in Pandemonium on Oct 9, 2014.
             The game lasted 06:46:50 (61983 turns).

Qrupt the Acrobat (Vine Stalker Fighter)           Turns: 61983, Time: 06:46:51

Health: -2/144     AC: 28    Str: 23      XL:     27
Magic:  0/36       EV: 47    Int:  2 (4)  God:    Ashenzari [******]
Gold:   7433       SH: 29    Dex: 36      Spells: 0 memorised, 26 levels left

rFire  + + .     SeeInvis +     t - +5 morningstar of the Warrior {drain, rElec rF++ rC+ rN+}
rCold  + . .     Clarity  +     w - +6 ring mail "Voixiq" {+Inv rElec Dex+2 Curse}
rNeg   + + +     SustAb   .     M - +6 large shield of Ignorance {rN+ AC+2 EV+2 Int-6 Curse}
rPois  +         Gourm    .     T - +1 helmet "Gibubit" {rPois Int+2 Stlth++}
rElec  +         Spirit   +     D - +1 cloak of Lithephe {Slay+2 Stlth--}
rCorr  .         Warding  +     V - +1 pair of gloves of the Other World {Dex+5 Int-3}
rMut   .         Stasis   .     I - +1 pair of boots
MR     +++..                    v - amulet of Schamymet {Ward rN+ Dex+5 Int+3}
Stlth  +++++++...               f - cursed ring of Fuozxe {EV+4 Slay+2}
                                q - cursed ring "Cla Tofo" {Dex+3 Slay+5}

@: lost intelligence, constricted, very slow, extremely resistant to hostile
enchantments, extremely stealthy
A: fangs 3, hooves 1, blurry vision 1, frail 1, mutation resistance 1,
regeneration 3, weak 1, magic shield, antimagic bite, no device heal 3, rot
immunity, forlorn
a: Scrying, Transfer Knowledge, Renounce Religion, Evoke Invisibility
}: 6/15 runes: decaying, serpentine, slimy, silver, abyssal, demonic


You were in Pandemonium.
You worshipped Ashenzari.
Ashenzari was exalted by your worship.
You were very hungry.

You visited 11 branches of the dungeon, and saw 60 of its levels.
You visited Pandemonium 1 time, and saw 12 of its levels.
You visited the Abyss 1 time.
You visited 1 bazaar.
You also visited: Trove and Ice Cave.

You collected 10306 gold pieces.
You spent 2873 gold pieces at shops.

Inventory:

Hand weapons
 t - the cursed +5 morningstar of the Warrior (weapon) {drain, rElec rF++ rC+ rN+}
   (You acquired it in Pandemonium)

   A truly terrible weapon, it drains the life of those it strikes.
   It greatly protects you from fire.
   It protects you from cold.
   It insulates you from electricity.
   It protects you from negative energy.
   It has a curse placed upon it.
 G - the +12 whip of Guilt {flame, Noisy +Inv rF+ rC++}
   (You found it on level 4 of the Dungeon)

   It emits flame when wielded, causing extra injury to most foes and up to
   double damage against particularly susceptible opponents.
   It protects you from fire.
   It greatly protects you from cold.
   It lets you turn invisible.
   It may make noises in combat.
Armour
 w - the cursed +6 ring mail "Voixiq" (worn) {+Inv rElec Dex+2 Curse}
   (You found it on level 3 of the Elven Halls)

   It affects your dexterity (+2).
   It insulates you from electricity.
   It lets you turn invisible.
   It may recurse itself when equipped.
   It has a curse placed upon it.
 D - the cursed +1 cloak of Lithephe (worn) {Slay+2 Stlth--}
   (You acquired it on level 1 of the Vaults)

   It affects your accuracy and damage with ranged weapons and melee attacks
   (+2).
   It makes you much less stealthy.
   It has a curse placed upon it.
 I - a +1 pair of boots (worn)
 M - the cursed +6 large shield of Ignorance (worn) {rN+ AC+2 EV+2 Int-6 Curse}
   (You found it on level 1 of the Crypt)

   It affects your AC (+2).
   It affects your evasion (+2).
   It affects your intelligence (-6).
   It protects you from negative energy.
   It may recurse itself when equipped.
   It has a curse placed upon it.
 T - the cursed +1 helmet "Gibubit" (worn) {rPois Int+2 Stlth++}
   (You found it on level 5 of the Depths)

   It affects your intelligence (+2).
   It protects you from poison.
   It makes you much more stealthy.
   It has a curse placed upon it.
 V - the cursed +1 pair of gloves of the Other World (worn) {Dex+5 Int-3}
   (You bought it in a shop in a bazaar)

   It affects your intelligence (-3).
   It affects your dexterity (+5).
   It has a curse placed upon it.
 W - the +8 chain mail of Grot {Str+2 Dex+4}
   (You found it on level 1 of the Crypt)

   It affects your strength (+2).
   It affects your dexterity (+4).
Magical devices
 b - a wand of digging (8)
 A - a wand of flame (16)
 E - a wand of fireball (0)
 F - a wand of frost (41)
 Z - a wand of disintegration (7)
Comestibles
 d - 33 bread rations
 h - 6 royal jellies
 j - 32 meat rations
 P - 24 fruits
 Q - a slice of pizza
Scrolls
 a - a scroll of silence
 g - 19 scrolls of enchant weapon
 i - a scroll of curse weapon
 l - 6 scrolls of holy word
 n - 9 scrolls of recharging
 o - 27 scrolls of remove curse
 p - a scroll of amnesia
 u - 7 scrolls of fear
 y - 33 scrolls of identify
 B - 4 scrolls of brand weapon
 C - 8 scrolls of fog
 N - 12 scrolls of enchant armour
 S - 14 scrolls of magic mapping
 X - 20 scrolls of teleportation
Jewellery
 f - the cursed ring of Fuozxe (right hand) {EV+4 Slay+2}
   (You found it in a treasure trove)

   [ring of evasion]

   It affects your evasion (+4).
   It affects your accuracy and damage with ranged weapons and melee attacks
   (+2).
   It has a curse placed upon it.
 m - the ring of Xom's Amusement {rN+ Dex+2 Int+3}
   (You found it on level 3 of the Crypt)

   [ring of positive energy]

   It affects your intelligence (+3).
   It affects your dexterity (+2).
   It protects you from negative energy.
 q - the cursed ring "Cla Tofo" (left hand) {Dex+3 Slay+5}
   (You bought it in a shop on level 3 of the Orcish Mines)

   [ring of slaying]

   It affects your dexterity (+3).
   It affects your accuracy and damage with ranged weapons and melee attacks
   (+5).
   It has a curse placed upon it.
 v - the amulet of Schamymet (around neck) {Ward rN+ Dex+5 Int+3}
   (You bought it in a shop in a bazaar)

   [amulet of warding]

   It may prevent the melee attacks of summoned creatures.
   It affects your intelligence (+3).
   It affects your dexterity (+5).
   It protects you from negative energy.
Potions
 e - 3 potions of flight
 k - 3 potions of cure mutation
 r - 4 potions of berserk rage
 x - 26 potions of curing
 H - 6 potions of restore abilities
 J - 4 potions of magic
 L - 6 potions of haste
 R - 10 potions of cancellation
 U - 7 potions of might
 Y - 4 potions of agility
Miscellaneous
 c - a phial of floods
 s - a disc of storms
 z - a phial of floods
 K - a sack of spiders
 O - a lamp of fire


   Skills:
 - Level 21.4 Fighting
 - Level 19.6(23.1) Maces & Flails
 - Level 8.0 Throwing
 + Level 15.0(17.5) Armour
 - Level 25.2(27) Dodging
 - Level 18.1 Stealth
 - Level 13.2(15.8) Shields
 - Level 9.1(12.0) Evocations


You had 26 spell levels left.
You didn't know any spells.

Dungeon Overview and Level Annotations

Branches:
Dungeon (15/15)            Temple (1/1) D:4             Orc (4/4) D:12
    Elf (3/3) Orc:4          Lair (8/8) D:8           Swamp (5/5) Lair:3
  Snake (5/5) Lair:4        Slime (6/6) Lair:8       Vaults (5/5) D:13
  Crypt (3/3) Vaults:2       Tomb (0/3) Crypt:3      Depths (5/5) D:15
    Zot (0/5) Depths:5

Altars:
Ashenzari
Cheibriados
Dithmenos
Elyvilon
Fedhas
Gozag
Kikubaaqudgha
Makhleb
Nemelex Xobeh
Okawaru
Qazlal
Ru
Sif Muna
Trog
Vehumet
Xom
Yredelemnul
Zin
The Shining One
Beogh
Jiyva
Lugonu

Shops:
Orc:2 (   Orc:3 =   Orc:4 (=*(?   Snake:1 :   Vaults:4 *   Depths:1 !

Portals:
Hell: Lair:8 Depths:1 Depths:2 Depths:3 Depths:4 Depths:5
Abyss: Depths:3 Depths:4
Pandemonium: Depths:2 Depths:3
Ziggurat: Depths:3

Annotations:
D:6 vogonpoet's ghost, experienced TrDK
Depths:4 exclusion: hellion


Innate Abilities, Weirdness & Mutations

You have razor-sharp teeth.
You regenerate.
When hurt, damage is shared between your health and your magic reserves.
Your bite disrupts and absorbs the magic of your enemies.
Potions and wands cannot restore your health.
You are immune to rotting.
You have large cloven feet.
Your vision is a little blurry.
You are frail (-10% HP).
You are somewhat resistant to further mutation.
You are weak. (Str -2)
You have difficulty communicating with the divine.


Message History

You block the sixfirhy's attack.
You block the tentacled monstrosity's attack.
The tentacled monstrosity tentacle-slaps you but does no damage.
You block the tentacled monstrosity's attack.
The tentacled monstrosity completely misses you.
The tentacled monstrosity tentacle-slaps you but does no damage.
The tentacled monstrosity misses you. The orange demon completely misses you.
The tentacled monstrosity tentacle-slaps you but does no damage.
You block the tentacled monstrosity's attack.
The tentacled monstrosity misses you.
The tentacled monstrosity constricts you.
The cacodemon barely misses you. The cacodemon misses you.
The tentacled monstrosity completely misses you.
You block the tentacled monstrosity's attack.
The tentacled monstrosity misses you. x2
The tentacled monstrosity completely misses you.
The tentacled monstrosity tentacle-slaps you but does no damage.
The orange demon misses you. The tentacled monstrosity misses you.
The tentacled monstrosity completely misses you. x2
You die...

..........(......#
##.....%..
.................#
##......#
.................#
##......#
.................#
##........ ......
,........# ##.........
...., , ........#
##.....##... ..., ,
,........# ##.....####..
.. ,,,,
.......2.####.....##,,##.
,, , ,.......4@X##.....##
{, # ,
,,,......4XX##.....##
,,{,∆ *,
****#......w435....## ,*
{ , *, #....##.X5....##..
* *,, * ...,
#.#.....{X...#*** , ,,
,,,
(.......##........{**, ,
,, ,,,, ..3...#
##........ , ,, , ....%#
##...... ,, * ,, ,,,,
,.....* ##...., *


You could see 3 tentacled monstrosities, a cacodemon, an orange demon, a large
abomination, 2 sixfirhies, a neqoxec, a brain worm and an iron imp.

Vanquished Creatures
  the royal jelly (Slime:6)
  3 ancient liches
  Boris (twice) (Vaults:3 Crypt:2)
  A seraph (Pan)
  Sojobo (Depths:3)
  3 pandemonium lords (Pan)
  Margery (Depths:3)
  11 golden dragons
  A profane servitor (Abyss:2)
  A Brimstone Fiend (Pan)
  A bone dragon (Crypt:3)
  Frederick (Crypt:3)
  A pearl dragon (Pan)
  Nikola (Swamp:4)
  A Hell Sentinel (Pan)
  An Ice Fiend (Pan)
  A titan (Depths:2)
  Asterion (Swamp:1)
  A quicksilver dragon (Vaults:5)
  4 deep elf blademasters
  2 deep elf master archers (Elf:3)
  A Shadow Fiend (Pan)
  5 storm dragons
  5 Executioners
  13 acid blobs
  3 sphinxes
  11 tengu reavers
  8 liches
  A warmonger (Pan)
  A thorn hunter (Swamp:5)
  Rupert (Swamp:3)
  Agnes (Crypt:1)
  11 daevas (Pan)
  9 ancient champions
  Kirke (Swamp:4)
  2 tentacled starspawn (Abyss:2)
  8 shadow dragons
  6 draconian monks (Depths:5)
  6 azure jellies
  Donald (Swamp:4)
  Wiglaf (Swamp:3)
  15 fire giants
  A draconian scorcher (Pan)
  Maud (Lair:7)
  7 balrugs
  10 deep elf sorcerers
  18 frost giants
  7 greater nagas
  A ghost moth (Pan)
  5 iron dragons
  18 vault wardens
  Aizul (Swamp:1)
  A draconian zealot (Depths:5)
  An orc warlord (Orc:4)
  The ghost of SnowFan the Destroyer, a powerful DECj of Vehumet (D:15)
  11 cacodemons (Pan)
  3 emperor scorpions
  Gastronok (Lair:2)
  12 ghouls
  19 angels (Pan)
  Jorgrun (Depths:1)
  A spriggan defender (Depths:2)
  3 draconian annihilators (Depths:5)
  3 blood saints (Pan)
  22 very ugly things
  10 ophanim (Pan)
  5 war gargoyles
  10 rakshasas
  18 stone giants
  8 deep elf demonologists
  3 green draconians (Depths:5)
  7 chaos champions (Pan)
  8 corrupters (Pan)
  3 vampire knights
  3 purple draconians (Depths:5)
  16 apis (Pan)
  13 deep elf annihilators
  4 black draconians (Depths:5)
  A black sun (Pan)
  5 dire elephants
  4 pale draconians (Depths:5)
  4 white draconians (Depths:5)
  7 blizzard demons (Pan)
  A red draconian (Depths:5)
  6 deep elf death magi
  An unborn (Crypt:2)
  A green death (Pan)
  36 vault guards
  12 fire dragons
  3 crystal guardians (Crypt:3)
  2 minotaurs
  2 very ugly thing zombies (Depths:5)
  A mummy priest (Pan)
  18 yaktaur captains
  An eidolon (Crypt:1)
  3 jiangshi (Crypt:1)
  A quicksilver dragon zombie (Crypt:3)
  3 death oozes (Slime:6)
  13 ettins
  6 deep elf high priests
  10 great orbs of eyes
  Harold (Lair:1)
  A hydra (shapeshifter) (Vaults:5)
  19 ironheart preservers
  A spectral shadow dragon (Crypt:3)
  8 ice dragons
  Nessos (D:12)
  13 naga warriors
  3 spriggan air magi
  3 monstrous demonspawn (Pan)
  2 shambling mangroves
  23 hydras
  10 centaur warriors
  26 death yaks
  18 deep troll earth magi
  2 ghost crabs
  20 dancing weapons
  10 anacondas
  5 spriggan berserkers
  A vampire mage (Crypt:3)
  5 death knights
  21 ogre magi
  The ghost of RobertPalmer the Nimble, a powerful OpGl of Ru (IceCv)
  7 deep troll shamans
  An orc high priest (Elf:1)
  8 naga sharpshooters
  Urug (Orc:2)
  24 hell knights
  A storm dragon zombie (Crypt:3)
  13 sun demons
  A catoblepas (Depths:4)
  Nergalle (D:11)
  2 soul eaters
  3 shock serpents
  3 hell beasts (Pan)
  5 salamander mystics
  4 ice devils
  Erolcha (D:8)
  6 iron trolls
  4 alligators
  7 death drakes (Depths:5)
  37 skeletal warriors
  30 deep elf knights
  2 giant orange brains
  A golden dragon zombie (Crypt:3)
  An orb spider (shapeshifter) (Vaults:4)
  39 deep trolls
  18 large abominations
  4 wizards
  A shadow wraith (Vaults:4)
  A ghost moth zombie (Crypt:2)
  A quicksilver dragon simulacrum (Crypt:3)
  2 swamp dragons (shapeshifter)
  An unseen horror (shapeshifter) (Vaults:4)
  13 deep elf summoners
  10 cherubim (Pan)
  7 flayed ghosts
  9 naga ritualists
  3 spriggan druids
  5 hill giants
  3 unseen horrors
  3 ice statues (IceCv)
  9 ironbrand convokers
  14 swamp dragons
  A mana viper (shapeshifter) (Vaults:5)
  4 infernal demonspawn (Pan)
  3 putrid demonspawn (Pan)
  2 shadow demons (Pan)
  A shadow dragon zombie (Crypt:1)
  7 gelid demonspawn (Pan)
  5 red wasps
  11 orc knights
  An ugly thing zombie (Depths:5)
  14 deep elf conjurers
  8 wolf spiders
  5 hellions (Pan)
  10 mana vipers
  3 draconian zombies (Depths:5)
  A shadow dragon skeleton (Crypt:1)
  10 orc sorcerers
  2 wolf spider zombies
  5 lindwurms
  A tengu skeleton (Vaults:2)
  4 cyclopes
  A stone giant zombie (Crypt:1)
  18 necromancers
  2 griffons
  3 shining eyes
  48 ugly things
  16 salamanders
  49 black mambas
  5 guardian serpents
  8 phantasmal warriors
  4 manticores
  An iron dragon skeleton (Crypt:3)
  A red wasp (shapeshifter) (Vaults:5)
  7 elephants
  10 sixfirhies (Pan)
  An apocalypse crab (Abyss:2)
  The ghost of cribozai the Chopper, an experienced HOGl of Ashenzari (D:5)
  A centaur zombie (D:15)
  9 smoke demons
  2 stone giant skeletons
  3 eyes of devastation
  A gargoyle (D:15)
  15 vault sentinels
  3 worldbinders
  25 orange demons
  28 naga magi
  16 spiny frogs
  A spiny frog (shapeshifter) (Depths:3)
  A torpor snail (Depths:2)
  A storm dragon simulacrum (Vaults:3)
  A kobold demonologist (Abyss:2)
  12 hellwings
  3 tormentors (Pan)
  A black draconian zombie (Depths:5)
  A grey draconian zombie (Crypt:2)
  8 freezing wraiths
  2 jumping spiders (shapeshifter)
  2 demonic crawlers
  8 komodo dragons
  6 fire drakes
  2 efreet
  A komodo dragon (shapeshifter) (Abyss:1)
  50 yaktaurs
  A harpy zombie (Abyss:2)
  A hydra zombie (D:15)
  A tengu conjurer (Depths:5)
  14 deep elf priests
  5 ghoul skeletons
  A queen bee (shapeshifter) (Depths:2)
  An ancient zyme (Abyss:1)
  16 red devils
  25 two-headed ogres
  2 rust devils (Abyss:2)
  8 blue devils
  2 polar bears (Lair:8)
  Sonja (Orc:2)
  6 trolls
  10 raiju
  2 wind drakes (Depths:5)
  2 spectral orcs (D:11)
  5 giant leeches
  2 jumping spiders
  12 ravens
  A raven (shapeshifter) (Vaults:1)
  3 trolls (shapeshifter)
  2 baby alligators (shapeshifter)
  A wandering mushroom (Elf:1)
  3 hydra skeletons
  10 bog bodies
  64 slime creatures
  A baby alligator (Swamp:5)
  A boulder beetle (Vaults:5)
  An ettin zombie (Crypt:3)
  An ice dragon zombie (Crypt:3)
  A black mamba zombie (Abyss:2)
  35 flying skulls
  16 blink frogs
  10 redbacks
  2 basilisks
  A tarantella (shapeshifter) (Vaults:5)
  9 starcursed masses (Abyss:2)
  2 vampires
  An ice dragon skeleton (Crypt:1)
  A spriggan (shapeshifter) (Vaults:4)
  19 ynoxinuls
  A stone giant simulacrum (Crypt:2)
  8 wraiths
  A wyvern (shapeshifter) (Vaults:5)
  An ettin skeleton (Vaults:2)
  2 fire bats (Depths:1)
  A basilisk (shapeshifter) (Depths:3)
  3 wyverns
  A queen ant zombie (Crypt:2)
  39 yaks
  4 shadows
  3 hogs
  3 golden eyes
  5 chaos spawn
  17 humans (D:13)
  21 spriggans
  A wind drake skeleton (Depths:5)
  A yaktaur simulacrum (Vaults:3)
  37 deep elf fighters
  3 elf skeletons
  Grum (D:11)
  31 deep elf magi
  A dire elephant simulacrum (Crypt:2)
  14 neqoxecs
  2 hill giant skeletons
  40 swamp worms
  2 hungry ghosts
  40 vampire mosquitoes
  11 hippogriffs
  2 spatial vortices (Abyss:2)
  7 wargs
  A minotaur simulacrum (Crypt:1)
  15 porcupines
  2 hell hounds (Lair:8)
  A monstrous demonspawn zombie (Crypt:2)
  72 nagas
  26 wolves
  A putrid demonspawn zombie (Crypt:1)
  A deep troll zombie (Vaults:3)
  A soldier ant (D:12)
  A mottled dragon (Vaults:2)
  A spiny frog zombie (Crypt:3)
  35 orc warriors
  A sky beast (D:13)
  15 yellow wasps
  A snapping turtle zombie (Crypt:3)
  41 water moccasins
  12 ice beasts
  A ghost crab zombie (Crypt:2)
  81 ogres
  11 swamp drakes
  16 boggarts
  A black bear (Lair:1)
  A hog zombie (Crypt:1)
  An ettin simulacrum (Vaults:4)
  A phantom (D:5)
  A manticore skeleton (Crypt:3)
  24 crocodiles
  14 necrophages
  A torpor snail zombie (Crypt:2)
  6 human skeletons
  A lost soul (Crypt:1)
  28 centaurs
  3 big kobolds
  A brain worm (shapeshifter) (Vaults:4)
  3 brain worms (Pan)
  7 small abominations
  12 insubstantial wisps
  A komodo dragon skeleton (D:14)
  2 yaktaur skeletons
  9 giant frogs
  2 wyvern zombies
  3 scorpions
  A gnoll sergeant (D:11)
  A hippogriff zombie (Crypt:1)
  3 eyes of draining
  3 human simulacra
  A vampire bat (Elf:1)
  17 wights
  2 electric eels
  7 quasits
  A wolf zombie (Crypt:2)
  A boring beetle zombie (Crypt:2)
  6 crimson imps
  A basilisk zombie (D:12)
  5 jellies
  26 orc priests
  A demonspawn zombie (Crypt:1)
  10 iguanas
  A bog body skeleton (Crypt:2)
  15 human zombies
  A centaur skeleton (D:10)
  11 hounds
  57 orc wizards
  6 worker ants
  A mottled dragon zombie (D:15)
  A tengu zombie (Crypt:2)
  17 sheep
  Ijyb (D:2)
  A necrophage skeleton (Crypt:3)
  2 mummies
  4 gnolls (D:11)
  29 adders
  42 green rats
  A scorpion zombie (D:9)
  A swamp drake zombie (Depths:5)
  A giant mite (D:4)
  14 white imps
  3 shadow imps
  6 ufetubi
  3 worms
  2 adder zombies
  A lava snake skeleton (Crypt:1)
  2 giant eyeballs (Pan)
  5 giant geckos
  3 oozes
  219 orcs
  11 bats
  4 giant cockroaches
  17 goblins
  19 hobgoblins
  6 jackals
  17 kobolds
  7 quokkas
  2 ball pythons
  A giant gecko zombie (D:7)
  14 giant newts
  A hobgoblin zombie (D:8)
  A kobold skeleton (Crypt:1)
  A kobold zombie (D:6)
  12 orc zombies
  20 rats
  A rat zombie (Crypt:1)
  14 ballistomycetes (D:15)
  A butterfly (Pan)
  4 crawling corpses
  A fungus (Lair:7)
  4 grand avatars (Pan)
  A macabre mass (Elf:3)
  3 plants
3284 creatures vanquished.

Vanquished Creatures (others)
  A fire giant (Depths:2)
  A ghost moth (Pan)
  2 deep elf high priests (Vaults:5)
  A tengu warrior (Depths:5)
  2 hell knights (Depths:5)
  An emperor scorpion zombie (Depths:5)
  2 water elementals (Vaults:5)
  2 baby alligators (Swamp:5)
  An ettin zombie (Crypt:3)
  A swamp drake (Swamp:5)
  An ogre (Vaults:5)
  A snapping turtle zombie (Crypt:3)
  A human (D:8)
  10 lost souls
  2 boggarts
  A crimson imp (Depths:5)
  3 orc wizards
  An ufetubus (Pan)
  An orc (Vaults:5)
  A quokka (Lair:1)
  A giant spore (D:15)
  A lurking horror (Abyss:2)
  A bush (D:8)
  7 fungi
  A plant (D:8)
  3 starspawn tentacles (Abyss:2)
  5 starspawn tentacle segments (Abyss:2)
55 creatures vanquished.

Grand Total: 3339 creatures vanquished

Notes
Turn   | Place    | Note
--------------------------------------------------------------
     0 | D:1      | Qrupt, the Vine Stalker Fighter, began the quest for the Orb.
     0 | D:1      | Reached XP level 1. HP: 11/11 MP: 1/1
   268 | D:1      | Reached XP level 2. HP: 16/16 MP: 3/3
   604 | D:2      | Found a sacrificial altar of Ru.
   661 | D:2      | Reached skill level 3 in Maces & Flails
   661 | D:2      | Reached XP level 3. HP: 19/19 MP: 4/4
   896 | D:2      | Reached XP level 4. HP: 20/23 MP: 3/5
   925 | D:2      | Reached skill level 4 in Maces & Flails
   980 | D:2      | Noticed Ijyb
   999 | D:2      | Killed Ijyb
  1205 | D:3      | Reached XP level 5. HP: 27/27 MP: 7/7
  1411 | D:3      | Reached skill level 5 in Maces & Flails
  1533 | D:3      | Gained mutation: You have large cloven feet. [potion of beneficial mutation]
  1536 | D:3      | HP: 1/27 [poisoned by an adder]
  1541 | D:3      | HP: 1/27 [poisoned by an adder]
  1547 | D:3      | HP: 1/27 [poisoned by an adder]
  1766 | D:3      | Gained mutation: You heal very quickly. [vine stalker growth]
  1766 | D:3      | Reached XP level 6. HP: 24/32 MP: 8/8
  1795 | D:3      | Found a radiant altar of Vehumet.
  2111 | D:4      | Found a staircase to the Ecumenical Temple.
  2516 | D:4      | Reached skill level 6 in Maces & Flails
  2630 | D:4      | Got an ichor-stained whip
  2631 | D:4      | Identified the +12 whip of Guilt {flame, Noisy +Inv rF+ rC++} (You found it on level 4 of the Dungeon)
  2866 | D:5      | Entered Level 5 of the Dungeon
  2914 | D:5      | Reached XP level 7. HP: 6/35 MP: 1/9
  3504 | D:5      | Noticed cribozai's ghost (experienced HOGl)
  3519 | D:5      | Killed cribozai's ghost
  3519 | D:5      | Reached skill level 5 in Armour
  3519 | D:5      | Gained mutation: You have razor-sharp teeth. [vine stalker growth]
  3519 | D:5      | Reached XP level 8. HP: 11/39 MP: 4/11
  3683 | D:6      | Found an opulent altar of Gozag.
  3809 | D:6      | Noticed vogonpoet's ghost (experienced TrDK)
  3972 | D:7      | Reached skill level 7 in Maces & Flails
  4176 | D:7      | Found a staircase to the Ecumenical Temple.
  4189 | D:7      | Found a blossoming altar of Fedhas.
  4262 | D:7      | Reached XP level 9. HP: 46/46 MP: 12/12
  4674 | D:7      | Reached skill level 8 in Maces & Flails
  4680 | D:7      | Reached skill level 5 in Fighting
  4800 | D:8      | Found a bloodstained altar of Trog.
  4862 | D:8      | Found an ancient bone altar of Kikubaaqudgha.
  4909 | D:7      | Reached skill level 9 in Maces & Flails
  5040 | D:7      | Reached XP level 10. HP: 53/55 MP: 13/13
  5077 | D:8      | Found a staircase to the Lair.
  5320 | D:8      | Noticed Erolcha
  5327 | D:8      | Killed Erolcha
  5327 | D:8      | Reached skill level 10 in Maces & Flails
  5545 | Temple   | Entered the Ecumenical Temple
  5722 | Temple   | Became a worshipper of Ashenzari the Shackled
  5962 | D:6      | Found a glowing golden altar of the Shining One.
  6059 | Lair:1   | Entered Level 1 of the Lair of Beasts
  6103 | Lair:1   | Noticed Harold
  6121 | Lair:1   | Killed Harold
  6321 | Lair:1   | Reached skill level 10 in Fighting
  6351 | Lair:1   | Reached skill level 1 in Dodging
  6351 | Lair:1   | Reached XP level 11. HP: 60/63 MP: 15/15
  7264 | Lair:2   | Reached skill level 5 in Dodging
  7450 | Lair:2   | Noticed Gastronok
  7498 | Lair:2   | Killed Gastronok
  8228 | Lair:3   | Found a frozen archway.
  8259 | IceCv    | Entered an ice cave
  8261 | IceCv    | Noticed RobertPalmer's ghost (powerful OpGl)
  8289 | IceCv    | Killed RobertPalmer's ghost
  8409 | IceCv    | Noticed an ice statue
  8409 | IceCv    | Noticed an ice statue
  8409 | IceCv    | Noticed an ice statue
  8423 | IceCv    | Killed an ice statue
  8485 | IceCv    | Killed an ice statue
  8485 | IceCv    | Gained mutation: You regenerate. [vine stalker growth]
  8485 | IceCv    | Reached XP level 12. HP: 67/67 MP: 16/16
  8507 | IceCv    | Killed an ice statue
  8508 | IceCv    | Acquired Ashenzari's first power
  8915 | Lair:3   | Reached skill level 5 in Shields
  9261 | Lair:3   | Found a staircase to the Swamp.
  9683 | Lair:4   | Found a staircase to the Snake Pit.
 10081 | Lair:4   | Reached XP level 13. HP: 72/72 MP: 17/17
 10225 | Lair:4   | Acquired Ashenzari's second power
 10341 | Lair:4   | Reached skill level 10 in Shields
 10830 | Lair:5   | Found a glowing golden altar of the Shining One.
 10891 | Lair:5   | Reached skill level 11 in Shields
 11516 | Lair:6   | Acquired Ashenzari's third power
 11562 | Lair:6   | Gained mutation: You are somewhat resistant to further mutation. [potion of beneficial mutation]
 11796 | Lair:6   | Reached skill level 12 in Shields
 12156 | Lair:7   | Noticed Maud
 12188 | Lair:7   | Killed Maud
 12477 | Lair:8   | Entered Level 8 of the Lair of Beasts
 12532 | Lair:8   | Acquired Ashenzari's fourth power
 12646 | Lair:8   | Reached skill level 13 in Shields
 12663 | Lair:8   | Found a viscous altar of Jiyva.
 12663 | Lair:8   | Noticed an azure jelly
 12666 | Lair:8   | Found a staircase to the Slime Pits.
 12667 | Lair:8   | Noticed an azure jelly
 12686 | Lair:8   | Reached XP level 14. HP: 75/77 MP: 18/18
 12942 | Lair:8   | Found a burning altar of Makhleb.
 13397 | Lair:8   | Found a gateway to Hell.
 14299 | D:9      | Found a white marble altar of Elyvilon.
 14346 | D:10     | Entered Level 10 of the Dungeon
 15196 | D:11     | Noticed Grum
 15209 | D:11     | Killed Grum
 15447 | D:11     | Identified the cursed -4 pair of gloves "Shuloos" {rF+ Dex+4}
 15502 | D:11     | Noticed Nergalle
 15530 | D:11     | Killed Nergalle
 15828 | D:12     | Noticed Nessos
 15844 | D:12     | Killed Nessos
 16063 | D:12     | Found a staircase to the Orcish Mines.
 16274 | D:12     | Reached XP level 15. HP: 80/80 MP: 19/19
 16463 | Orc:1    | Entered Level 1 of the Orcish Mines
 16779 | Orc:2    | Noticed Sonja
 16789 | Orc:2    | Killed Sonja
 17099 | Orc:3    | Found a roughly hewn altar of Beogh.
 17721 | Orc:3    | Reached XP level 16. HP: 75/85 MP: 20/20
 17924 | Orc:2    | Found Jufa's Antique Weapon Shoppe.
 17992 | Orc:2    | Noticed Urug
 18005 | Orc:2    | Killed Urug
 18208 | Orc:3    | Found Goppath's Jewellery Shoppe.
 18262 | Orc:4    | Entered Level 4 of the Orcish Mines
 18262 | Orc:4    | Found a staircase to the Elven Halls.
 18416 | Orc:4    | Found Esoumom's Magic Scroll Shoppe.
 18625 | Orc:4    | Reached skill level 14 in Maces & Flails
 18765 | Orc:4    | Found Broizufu's General Store.
 18765 | Orc:4    | Found Otiagho's Antique Weapon Shop.
 18852 | Orc:4    | Found a roughly hewn altar of Beogh.
 19027 | Orc:4    | Found Junyed's Weapon Emporium.
 19032 | Orc:4    | Found Bloastaw's Jewellery Shop.
 19347 | Orc:3    | Bought the ring "Cla Tofo" {Dex+3 Slay+5} for 1955 gold pieces
 19539 | D:13     | Identified the cursed +0 war axe "Vakaxko" {chop, Str+3}
 19705 | D:13     | Identified the cursed amulet "Bogouwn" {Stasis rF+ rC- Dex+3}
 20010 | D:13     | Found a gate to the Vaults.
 20295 | D:14     | Found a portal to a secret trove of treasure.
 20517 | Orc:4    | Bought a scroll of blinking for 112 gold pieces
 20698 | D:14     | You paid a toll of 4 scrolls of blinking to enter a treasure trove
 20699 | Trove    | Entered a treasure trove
 20705 | Trove    | Identified the cursed ring of Fuozxe {EV+4 Slay+2}
 21182 | D:15     | Entered Level 15 of the Dungeon
 21198 | D:15     | Reached skill level 1 in Evocations
 21256 | D:15     | Noticed SnowFan's ghost (powerful DECj)
 21266 | D:15     | Killed SnowFan's ghost
 21444 | D:15     | Reached skill level 5 in Evocations
 21481 | D:15     | Found a staircase to the Depths.
 22543 | Snake:1  | Entered Level 1 of the Snake Pit
 22543 | Snake:1  | Found a deep blue altar of Sif Muna.
 22604 | Snake:1  | Identified the cursed +0 chain mail of the Iron City of Dis {rElec rPois Stlth-}
 22668 | Snake:1  | Found Stujusmi's Book Emporium.
 23357 | Snake:2  | Reached XP level 17. HP: 93/93 MP: 29/29
 24043 | Snake:3  | Found a flickering gateway to a bazaar.
 24061 | Bazaar   | Entered a bazaar
 24061 | Bazaar   | Found Itiesisi's Magic Scroll Emporium.
 24067 | Bazaar   | Bought a scroll of teleportation for 36 gold pieces
 24074 | Bazaar   | Found Wafattecw's Jewellery Emporium.
 24101 | Bazaar   | Found Chimoen's Antique Weapon Shop.
 24109 | Bazaar   | Found Vogeomaw's Antique Armour Shop.
 24117 | Bazaar   | Bought a pair of heavily runed gloves for 266 gold pieces
 24117 | Bazaar   | Identified the +1 pair of gloves of the Other World {Dex+5 Int-3} (You bought it in a shop in a bazaar)
 24168 | Bazaar   | Bought the amulet of Schamymet {Ward rN+ Dex+5 Int+3} for 504 gold pieces
 24493 | Snake:3  | Reached skill level 10 in Dodging
 26147 | Snake:5  | Entered Level 5 of the Snake Pit
 26563 | Snake:5  | Reached skill level 15 in Maces & Flails
 26650 | Snake:5  | Reached XP level 18. HP: 73/97 MP: 25/31
 26915 | Snake:5  | Got a serpentine rune of Zot
 27100 | Snake:5  | Reached skill level 16 in Maces & Flails
 27345 | Snake:5  | Found an iron altar of Okawaru.
 27707 | Swamp:1  | Entered Level 1 of the Swamp
 27830 | Swamp:1  | Noticed Asterion
 27849 | Swamp:1  | Killed Asterion
 28253 | Swamp:1  | Noticed Aizul
 28269 | Swamp:1  | Killed Aizul
 28411 | Swamp:2  | Reached skill level 17 in Maces & Flails
 29063 | Swamp:3  | Noticed Wiglaf
 29080 | Swamp:3  | Killed Wiglaf
 29590 | Swamp:3  | Noticed Rupert
 29606 | Swamp:3  | Killed Rupert
 29606 | Swamp:3  | Reached XP level 19. HP: 91/101 MP: 32/32
 29802 | Swamp:4  | Noticed Donald
 29810 | Swamp:4  | Killed Donald
 29810 | Swamp:4  | Reached skill level 18 in Maces & Flails
 30213 | Swamp:4  | Noticed Kirke
 30233 | Swamp:4  | Killed Kirke
 30361 | Swamp:5  | Entered Level 5 of the Swamp
 30414 | Swamp:5  | Noticed Nikola
 30466 | Swamp:4  | Killed Nikola
 30558 | Swamp:5  | Got a decaying rune of Zot
 30595 | Swamp:5  | Reached skill level 19 in Maces & Flails
 31580 | Vaults:1 | Entered Level 1 of the Vaults
 31724 | Vaults:1 | Identified a scroll of acquirement
 31727 | Vaults:1 | Identified the cursed +1 cloak of Lithephe {Slay+2 Stlth--} (You acquired it on level 1 of the Vaults)
 32146 | Vaults:1 | Reached skill level 1 in Throwing
 32549 | Vaults:1 | Reached skill level 5 in Throwing
 32755 | Vaults:2 | Found a staircase to the Crypt.
 32880 | Vaults:2 | Reached XP level 20. HP: 103/106 MP: 32/32
 33173 | Vaults:2 | Reached skill level 10 in Throwing
 34509 | Vaults:3 | Noticed Boris
 34522 | Vaults:3 | Killed Boris
 35029 | Vaults:4 | Reached XP level 21. HP: 110/110 MP: 33/33
 35276 | Vaults:4 | Reached skill level 15 in Throwing
 35984 | Vaults:4 | Found Afrebuerue's General Store.
 36125 | Vaults:5 | Entered Level 5 of the Vaults
 36733 | Vaults:5 | Noticed an ancient lich
 36776 | Vaults:5 | Noticed an ancient lich
 36778 | Vaults:5 | Noticed a golden dragon
 36879 | Vaults:4 | Killed an ancient lich
 36992 | Vaults:4 | Killed a golden dragon
 37148 | Vaults:4 | Reached XP level 22. HP: 52/115 MP: 34/34
 37279 | Vaults:5 | Noticed a golden dragon
 37460 | Vaults:4 | Killed a golden dragon
 37604 | Vaults:4 | Killed an ancient lich
 37782 | Vaults:5 | Noticed a golden dragon
 37798 | Vaults:5 | Killed a golden dragon
 37832 | Vaults:5 | Noticed a golden dragon
 37838 | Vaults:5 | Killed a golden dragon
 37843 | Vaults:5 | Identified the +3 scythe of Zoejiestriciu {drain, +Inv Int+4} (You took it off a yaktaur captain on level 5 of the Vaults)
 38359 | Vaults:5 | Identified the +2 broad axe of Dimn {freeze, rElec rPois rC+ Stlth+}
 38429 | Vaults:5 | Reached skill level 20 in Throwing
 38611 | Vaults:5 | Reached XP level 23. HP: 97/119 MP: 34/34
 39079 | Vaults:5 | Identified the +6 shortbow of Fortitude {velocity, MR+ SInv}
 39079 | Vaults:5 | Got a silver rune of Zot
 39434 | Vaults:5 | Noticed a golden dragon
 39444 | Vaults:5 | Killed a golden dragon
 39892 | Elf:1    | Entered Level 1 of the Elven Halls
 39893 | Elf:1    | Upgraded the game from 0.16-a0-1157-gec61f8e to 0.16-a0-1167-g3157814
 40430 | Elf:1    | Identified Sif Muna's Catalogue of Transmigration (You found it on level 1 of the Elven Halls)
 40570 | Elf:1    | Reached skill level 15 in Fighting
 42279 | Elf:3    | Entered Level 3 of the Elven Halls
 42511 | Elf:3    | Identified the cursed +3 morningstar of Thrihodub {elec, *Tele +Inv +Fly} (You took it off a deep elf demonologist on level 3 of the Elven Halls)
 42565 | Elf:3    | Identified the amulet "Beas" {Gourm rN+ Str+2} (You took it off a deep elf death mage on level 3 of the Elven Halls)
 42565 | Elf:3    | Identified the +1 mace of Valour {crush, rElec rPois} (You took it off a deep elf death mage on level 3 of the Elven Halls)
 42694 | Elf:3    | Reached XP level 24. HP: 136/136 MP: 35/35
 42919 | Elf:3    | Identified the +6 ring mail "Voixiq" {+Inv rElec Dex+2 Curse}
 42932 | Elf:3    | Identified the cursed -6 scale mail "Maecoap" {rC+ rCorr}
 43932 | Depths:1 | Entered Level 1 of the Depths
 44177 | Depths:1 | Reached skill level 15 in Dodging
 44299 | Depths:1 | Noticed Jorgrun
 44310 | Depths:1 | Killed Jorgrun
 44480 | Depths:1 | Found a shattered altar of Ashenzari.
 44737 | Depths:1 | Found Struitt's Distillery.
 44966 | Depths:2 | Found a one-way gate leading to the halls of Pandemonium.
 45437 | Depths:2 | Reached XP level 25. HP: 128/140 MP: 35/35
 45440 | Depths:2 | Identified the +1 shield "Uwauppuuq" {+Inv rElec MR+ Stlth+} (You took it off a spriggan rider on level 2 of the Depths)
 45443 | Depths:2 | Identified the ring of Egaj Lou {Wiz rF+} (You took it off a spriggan defender on level 2 of the Depths)
 46235 | Depths:3 | Found a gateway to a ziggurat.
 46266 | Depths:3 | Noticed Margery
 46277 | Depths:3 | Killed Margery
 46297 | Depths:3 | Reached skill level 20 in Dodging
 46428 | Depths:3 | Reduced skill Throwing to level 15
 46743 | Depths:3 | Noticed Sojobo
 46763 | Depths:3 | Killed Sojobo
 46891 | Depths:3 | Found a corrupted altar of Lugonu.
 46956 | Depths:3 | Found a one-way gate to the infinite horrors of the Abyss.
 47003 | Depths:3 | Reached skill level 21 in Dodging
 47685 | Depths:4 | Reached XP level 26. HP: 145/145 MP: 36/36
 47950 | Depths:4 | Identified the cursed -2 leather armour of the Hills {rElec Str+3}
 47953 | Depths:4 | Identified the +7 trident of Foceqih {flame, rPois rF+ Dex-2}
 48261 | Depths:4 | Reached skill level 22 in Dodging
 48517 | Depths:5 | Entered Level 5 of the Depths
 49241 | Depths:5 | Reached skill level 23 in Dodging
 50093 | Depths:5 | Found a gate to the Realm of Zot.
 50108 | Depths:5 | Identified the +1 helmet "Gibubit" {rPois Int+2 Stlth++}
 51128 | Crypt:1  | Entered Level 1 of the Crypt
 51172 | Crypt:1  | Reduced skill Throwing to level 10
 51282 | Crypt:1  | Noticed Agnes
 51286 | Crypt:1  | Killed Agnes
 51306 | Crypt:1  | Identified the +8 chain mail of Grot {Str+2 Dex+4}
 51329 | Crypt:1  | Reached XP level 27. HP: 136/155 MP: 36/36
 51897 | Crypt:2  | Identified the +8 chain mail of the Valley {Stlth+}
 51965 | Crypt:2  | Reached skill level 24 in Dodging
 52096 | Crypt:2  | Noticed Boris
 52105 | Crypt:2  | Killed Boris
 52105 | Crypt:2  | Reached skill level 10 in Armour
 52306 | Crypt:1  | Identified the +5 hunting sling "Vaugo" {venom, rElec rPois}
 52307 | Crypt:1  | Identified the +0 ring mail "Baolapn" {Dex+1 Int+1}
 52483 | Crypt:2  | Identified the +7 mace "Ewupryha" {crush, +Blink rN+}
 52655 | Crypt:3  | Entered Level 3 of the Crypt
 52879 | Crypt:3  | Found a staircase to the Tomb.
 53028 | Crypt:3  | Noticed Frederick
 53051 | Crypt:3  | Killed Frederick
 53077 | Crypt:3  | Identified the amulet of Zaeda {Ward rPois rN+}
 53092 | Crypt:3  | Identified the ring of Xom's Amusement {rN+ Dex+2 Int+3} (You found it on level 3 of the Crypt)
 53115 | Crypt:3  | Found an ancient bone altar of Kikubaaqudgha.
 53116 | Crypt:3  | Noticed an ancient lich
 53146 | Crypt:3  | Killed an ancient lich
 53193 | Crypt:3  | Identified the cursed -2 whip "Pnumm" {flame, rElec rC+ Dex+3}
 53257 | Crypt:3  | Reached skill level 25 in Dodging
 54052 | Depths:3 | Voluntarily entered the Abyss.
 54480 | Abyss:2  | Identified the cursed +8 long sword of Noon {freeze, MR++ Stlth+}
 54730 | Abyss:2  | Identified the cursed -6 ring mail "Echon" {+Rage +Fly Slay+3 SInv}
 54842 | Abyss:2  | Paralysed by accursed screaming for 2 turns
 54849 | Abyss:2  | Found a corrupted altar of Lugonu.
 55044 | Abyss:3  | Got an abyssal rune of Zot
 55080 | Depths:3 | Escaped the Abyss
 56029 | Lair:8   | Killed an azure jelly
 56032 | Lair:8   | Killed an azure jelly
 56038 | Slime:1  | Entered Level 1 of the Pits of Slime
 56169 | Slime:6  | Entered Level 6 of the Pits of Slime
 56238 | Slime:6  | Noticed the royal jelly
 56254 | Slime:6  | Killed the royal jelly
 56255 | Slime:6  | Identified the ring "Vuzxystrokk" {+Fly MR+}
 56255 | Slime:6  | Identified the cursed +6 greatsling of Demand {venom, Str+1}
 56530 | Slime:6  | Identified the cursed ring of Mnupruom {rF- Dex-2 Slay+3}
 56580 | Slime:6  | Identified the cursed +3 glaive of the Walnut {chop, +Rage rN+}
 56581 | Slime:6  | Identified the ring of Enegorir {Wiz Dex+3}
 56633 | Slime:6  | Got a slimy rune of Zot
 56688 | Slime:6  | Identified the Catalogue of Evil Transformation (You found it on level 6 of the Pits of Slime)
 56808 | Slime:6  | Gained mutation: Your magical capacity is low (-10% MP). [a shining eye]
 57572 | Pan      | Entered Pandemonium
 57766 | Pan      | Reached skill level 1 in Stealth
 57805 | Pan      | Found an exit through the horrors of the Abyss.
 57869 | Pan      | Reached skill level 5 in Stealth
 57973 | Pan      | Gained mutation: You are weak. (Str -2) [a cacodemon]
 58061 | Pan      | Found an exit through the horrors of the Abyss.
 58174 | Pan      | Noticed Ystry the pandemonium lord
 58186 | Pan      | Killed Ystry the pandemonium lord
 58414 | Pan      | Reached skill level 10 in Stealth
 58475 | Pan      | Found an exit through the horrors of the Abyss.
 58828 | Pan      | Identified the ring "Orhiy" {+cTele Dex-1 Int+1}
 58828 | Pan      | Identified the cursed -2 plate armour of Thastri {Dex+3 Int+3}
 58837 | Pan      | Noticed Pyiduam the pandemonium lord
 58848 | Pan      | Killed Pyiduam the pandemonium lord
 59188 | Pan      | Gained mutation: You are very weak. (Str -4) [a cacodemon]
 59435 | Pan      | Reached skill level 15 in Stealth
 59556 | Pan      | Identified the +9 hunting sling of Irritation {flame, rF+ rC+ Str-3 Curse} (You took it off an angel in Pandemonium)
 59649 | Pan      | Found a glowing golden altar of the Shining One.
 59677 | Pan      | Identified the ring of Amelioration {+Inv +Fly MP+9} (You took it off a seraph in Pandemonium)
 59689 | Pan      | Identified the +8 mace of Phecs {pain, +Blink +Inv rC++ Str+2 Dex+1 Stlth--}
 59699 | Pan      | Identified the +5 hand axe of the Last Gods {flame, SInv}
 59702 | Pan      | Got a demonic rune of Zot
 59739 | Pan      | Identified the Catalogue of Talismans and the Birds (You found it in Pandemonium)
 60096 | Pan      | Found a glowing silver altar of Zin.
 60822 | Pan      | Identified the cursed -2 buckler "Shaudwij" {Slay-5} (You took it off a cherub in Pandemonium)
 60959 | Pan      | Found an exit through the horrors of the Abyss.
 60968 | Pan      | Noticed Ynearch the pandemonium lord
 60989 | Pan      | Killed Ynearch the pandemonium lord
 61050 | Pan      | Found a gateway to a ziggurat.
 61081 | Pan      | Found an exit through the horrors of the Abyss.
 61370 | Pan      | Noticed Frahify the pandemonium lord
 61573 | Pan      | Identified the cursed +5 morningstar of the Warrior {drain, rElec rF++ rC+ rN+} (You acquired it in Pandemonium)
 61602 | Pan      | Entered the realm of Mnoleg.
 61602 | Pan      | Found an exit through the horrors of the Abyss.
 61671 | Pan      | Gained mutation: You have difficulty communicating with the divine. [a cacodemon]
 61824 | Pan      | Gained mutation: You occasionally shout uncontrollably at your foes. [a cacodemon]
 61870 | Pan      | Paralysed by a giant eyeball for 2 turns
 61877 | Pan      | Gained mutation: You are frail (-10% HP). [a cacodemon]
 61909 | Pan      | Lost intelligence.
 61968 | Pan      | Gained mutation: Your vision is a little blurry. [a cacodemon]
 61972 | Pan      | Reached skill level 15 in Armour
 61981 | Pan      | Lost mutation: You occasionally shout uncontrollably at your foes. [potion of cure mutation]
 61981 | Pan      | Lost mutation: Your magical capacity is low (-10% MP). [potion of cure mutation]
 61981 | Pan      | Lost mutation: You are very weak. (Str -4) [potion of cure mutation]
 61981 | Pan      | HP: 4/144 [tentacled monstrosity (5)]
 61982 | Pan      | HP: 1/144 [tentacled monstrosity (5)]
 61983 | Pan      | Slain by a tentacled monstrosity

Action                   |  1- 3 |  4- 6 |  7- 9 | 10-12 | 13-15 | 16-18 | 19-21 | 22-24 | 25-27 || total
-------------------------+-------+-------+-------+-------+-------+-------+-------+-------+-------++-------
Melee: Flail             |    83 |       |       |       |       |       |       |       |       ||    83
       Mace              |     6 |   229 |       |       |       |       |       |       |       ||   235
       Whip              |       |     5 |   172 |   687 |  1121 |  1637 |  1344 |  1241 |  3093 ||  9300
       Morningstar       |       |       |       |       |       |       |       |       |    89 ||    89
Invok: Scrying           |       |       |       |       |       |     1 |       |       |       ||     1
       Transfer Knowledg |       |       |       |       |       |       |       |     1 |     2 ||     3
Evoke: Wand              |       |       |     7 |     3 |     3 |       |       |     1 |     6 ||    20
       Lamp of fire      |       |       |       |       |     1 |       |     1 |       |       ||     2
       Phial of floods   |       |       |       |       |       |       |     1 |     1 |       ||     2
       Disc of storms    |       |       |       |       |       |       |       |       |     1 ||     1
  Use: Potion            |       |     5 |       |     2 |     2 |       |       |     2 |     4 ||    15
       Scroll            |       |       |     6 |    15 |    14 |    14 |     5 |     5 |    16 ||    75
 Stab: Distracted        |       |       |       |       |       |     1 |       |       |    11 ||    12
       Confused          |       |       |       |       |       |       |     2 |       |     1 ||     3
       Sleeping          |       |       |       |       |       |       |       |       |     9 ||     9
  Eat: Chunk             |       |     6 |     8 |    13 |    18 |    29 |    13 |    14 |    22 ||   123
       Fruit             |       |       |       |     4 |     6 |     9 |     5 |     5 |    15 ||    44
       Pizza             |       |       |       |       |     2 |       |       |       |     6 ||     8
       Beef jerky        |       |       |       |       |       |     2 |     3 |     5 |     4 ||    14
       Meat ration       |       |       |       |       |       |       |     1 |       |     1 ||     2
